Workbook
Name _GoBack: 报名回执!#REF!

Sheet 报名回执
B2: 附件：第十四次（2026）工作会议暨业务交流对接会、第十四届（2026）商业保理行业年会报名回执
B3: 单位名称
B4: 企业类型
B5: 报名联系人 | D5: 联系电话 | F5: 联系邮箱
B6: 开票必填（默认付款单位名称＋税号；如需填写其他两项信息，请提供完整开票信息 ）
B8: 参会人员（如参会代表超过三名，请填写多份回执）
B9: 具体信息 | C9: 代表一 | E9: 代表二 | G9: 代表三
B10: 姓 名
B11: 性 别
B12: 职 务
B13: 手机号（务必填写，便于接收会务短信）
B14: 电子邮箱
B15: 备注 | C15: 1、本次会议推荐酒店如下，请参会代表自行预定。 为享受协议价格，请各参会代表入驻以下酒店时，报“保理年会”，并尽早预订。 会议酒店：北京长富宫饭店（北京市朝阳区建国门外大街26号） 1.酒店价格：高级大床及双床房780元/天/间（单早）、880元/天/间（双早）； 2.预订方式：预订电话：13910960615，联系人：销售经理李响。 附近酒店： 1.北京广播大厦酒店（北京市朝阳区建国门外大街甲14号，距离会议酒店560米） （1）酒店价格：高级大床房/双床房：550元/间/晚（单早）、660元/间/晚（双早）； （2）预订方式：预订电话：13811930825，联系人：王经理 2.北京金龙温泉酒店（北京市东城区建国门南大街5号，距离会议酒店689米） （1）酒店价格：商务双床间：400元/间/晚（无早），468元/间/晚（单早）、528元/间/晚（双早）； 高级大床/双床间：450元/间/晚（无早），500元/间/晚（单早）、568元/间/晚（双早）； （2）预订方式：预订电话：15811032422，联系人：徐经理。
C16: 2、请把此表填写后发送至专委会秘书处官邮：cfec@cfec.org.cn，会务组将尽快回复。专委会秘书处联系方式：010-64515241、64515363

Sheet 回执自动汇总表（勿删勿填写）
B1: 报名回执汇总
B2: 单位名称 | C2: 单位类型 | D2: 报名联系人 | E2: 联系电话 | F2: 联系邮箱 | G2: 开票信息 | H2: 代表一 | M2: 代表二 | R2: 代表三
H3: 姓 名 | I3: 性 别 | J3: 职 务 | K3: 手机号 | L3: 是否参加晚宴 | M3: 姓 名 | N3: 性 别 | O3: 职 务 | P3: 手机号 | Q3: 是否参加晚宴 | R3: 姓 名 | S3: 性 别 | T3: 职 务 | U3: 手机号 | V3: 是否参加晚宴
B4: =报名回执!C3 -> 0 | C4: =报名回执!C4 -> 0 | D4: =报名回执!C5 -> 0 | E4: =报名回执!E5 -> 0 | F4: =报名回执!G5 -> 0 | G4: =报名回执!B7 -> 0 | H4: =报名回执!C10 -> 0 | I4: =报名回执!C11 -> 0 | J4: =报名回执!C12 -> 0 | K4: =报名回执!C13 -> 0 | L4: =报名回执!#REF! -> #REF! | M4: =报名回执!E10 -> 0 | N4: =报名回执!E11 -> 0 | O4: =报名回执!E12 -> 0 | P4: =报名回执!E13 -> 0 | Q4: =报名回执!#REF! -> #REF! | R4: =报名回执!G10 -> 0 | S4: =报名回执!G11 -> 0 | T4: =报名回执!G12 -> 0 | U4: =报名回执!G13 -> 0 | V4: =报名回执!#REF! -> #REF!
